 Dungeon Crawl Stone Soup version 0.31-a0-233-g139696dc86 (webtiles) character file.

Game seed: 7026717949061793850

87 qw the Shooter (level 4, -2/36 HPs)
             Began as a Minotaur Hexslinger on July 8, 2023.
             Succumbed to a goblin's poison
             ... on level 3 of the Dungeon.
             The game lasted 00:00:36 (1292 turns).

qw the Shooter (Minotaur Hexslinger)                Turns: 1292, Time: 00:00:37

Health: -2/36      AC:  8    Str: 12 (13) XL:     4   Next: 28%
Magic:  4/4        EV: 12    Int:  9 (10) God:
Gold:   59         SH:  0    Dex: 13 (14) Spells: 4/5 levels left

rFire   . . .        Y - +2 sling
rCold   . . .        (no shield)
rNeg    . . .        d - +3 leather armour
rPois   .            b - +2 hat
rElec   .            (no cloak)
rCorr   .            (no gloves)
SInv    .            (no boots)
Will    .....        (no amulet)
Stlth   +            (no ring)
HPRegen 0.26/turn    (no ring)
MPRegen 0.09/turn

%: no passive effects
@: lethally poisoned (-2 -> -15)
A: horns 2, retaliatory headbutt
a: no special abilities


You were on level 3 of the Dungeon.
You visited 1 branch of the dungeon, and saw 3 of its levels.

You collected 81 gold pieces.
You spent 22 gold pieces at shops.


Innate Abilities, Weirdness & Mutations

You have a pair of horns on your head.
You reflexively headbutt those who attack you in melee.


   Skills:
 - Level 2.0 Fighting
 + Level 4.8 Ranged Weapons
 - Level 2.1 Dodging
 - Level 1.0 Spellcasting
 - Level 2.0 Hexes


You had 4 spell levels left.
You knew the following spells:

 Your Spells              Type           Power      Damage    Failure   Level
a - Slow                  Hex            16%        N/A       21%         1

Your spell library contained the following spells:

 Spells                   Type           Power      Damage    Failure   Level
 Inner Flame              Hex/Fire       2%         N/A       67%         3
 Portal Projectile        Hex/Tloc       4%         N/A       67%         3
 Cause Fear               Hex            2%         N/A       90%         4

Inventory:

Hand Weapons
 Y - a +2 sling (weapon)
Armour
 b - a +2 hat (worn)
 d - a +3 leather armour (worn)
Scrolls
 c - a scroll of identify
Potions
 e - a potion of attraction {unknown}
 f - a potion of haste
 g - a potion of curing {unknown}
 h - a potion of invisibility {unknown}

Dungeon Overview and Level Annotations

Branches:
Dungeon (3/15)

Altars:

Shops:
D:2 =?


Message History

You shoot a sling bullet. The sling bullet barely misses Robin.
The goblin completely misses you.
The hobgoblin hits you but does no damage.
Robin hits you with a +0 dagger.
You shoot a sling bullet. The sling bullet hits Robin.
You kill Robin!
The hobgoblin barely misses you.
The hobgoblin hits you but does no damage.
The goblin barely misses you.
You feel your dexterity returning.
You shoot a sling bullet. The sling bullet hits the hobgoblin.
The hobgoblin is heavily wounded.
The hobgoblin barely misses you. The hobgoblin closely misses you.
The goblin hits you but does no damage.
You are poisoned.
The goblin hits you but does no damage.
You shoot a sling bullet. The sling bullet hits the hobgoblin.
You kill the hobgoblin!
You feel sick.
The goblin hits you with a +1 dagger of venom.
You are more poisoned.
The hobgoblin barely misses you. The goblin hits you with a +0 club.
The goblin closely misses you.
The hobgoblin hits you but does no damage.
You shoot a sling bullet. The sling bullet hits the hobgoblin!
You kill the hobgoblin!
You feel very sick.
The goblin no longer looks unusually strong.
The goblin closely misses you. You furiously retaliate!
You headbutt the goblin.
The goblin hits you with a +1 dagger of venom.
You are more poisoned.
You shoot a sling bullet. The sling bullet hits the goblin.
You kill the goblin!
You feel very sick. The goblin barely misses you. You furiously retaliate!
You headbutt the goblin.
You kill the goblin!
There is a lethal amount of poison in your body!
You feel very sick.
There is a lethal amount of poison in your body!
You die...

..# .# #(# ...#
###.##### ...#
#.....|.# ...#
#.#<###.###... ##
# ###..##..## >..
##........#....
.#.#..)).........<
.)..$.)@.......##
....#.%.)....#.#
#####....>...# #
#...........#
#............#
#.#........#.#
#.##..##.)##... #
#....... .. ...
....


There were no monsters in sight!

Vanquished Creatures
  Robin (D:3)
  An adder (D:2)
  4 dart slugs
  3 ball pythons
  4 endoplasms
  3 giant cockroaches
  9 goblins
  8 hobgoblins
  3 kobolds
  5 quokkas
  3 bats
  5 frilled lizards
  4 rats
53 creatures vanquished.

Notes
Turn   | Place    | Note
-------+----------+-------------------------------------------
     0 | D:1      | qw the Minotaur Hexslinger began the quest for the Orb.
     0 | D:1      | Reached XP level 1. HP: 16/16 MP: 1/1
     0 | D:1      | 0 ||| qw: Version: 0.3-a-46-gb1f654a
     0 | D:1      | 0 ||| qw: Game counter: 3393
     0 | D:1      | 0 ||| qw: Melee chars always use a shield: true
     0 | D:1      | 0 ||| qw: God list: Okawaru
     0 | D:1      | 0 ||| qw: Allow faded altars: false
     0 | D:1      | 0 ||| qw: Do Orc after clearing Dungeon:15 true
     0 | D:1      | 0 ||| qw: Do second Lair branch before Depths: true
     0 | D:1      | 0 ||| qw: Lair rune preference: random
     0 | D:1      | 0 ||| qw: Goals: Normal
     0 | D:1      | 0 ||| PLANNING D:1-11
    74 | D:1      | Reached skill level 3 in Ranged Weapons
    74 | D:1      | Reached XP level 2. HP: 23/23 MP: 2/2
   393 | D:1      | 393 ||| UPGRADING to +3 leather armour.
   403 | D:1      | 403 ||| DROPPING +0 robe.
   404 | D:1      | 404 ||| DROPPING scroll of poison.
   458 | D:2      | Reached XP level 3. HP: 29/29 MP: 3/3
   595 | D:2      | Found Baecan's One-of-a-Kind Rings.
   609 | D:2      | 609 ||| SHOPLISTING +10 ring of strength (1274 gold, have
                  | 32).
   609 | D:2      | 609 ||| SHOPLISTING +2 ring of dexterity (42 gold, have
                  | 32).
   609 | D:2      | 609 ||| SHOPLISTING +7 ring of evasion (924 gold, have 32).
   609 | D:2      | 609 ||| SHOPLISTING ring "Josmogiz" {rPois Int+4 SInv} (484
                  | gold, have 32).
   609 | D:2      | 609 ||| SHOPLISTING ring "Sisopt" {rPois rCorr Dex-5 SInv
                  | Stlth+} (337 gold, have 32).
   609 | D:2      | 609 ||| SHOPLISTING ring of Qafewn {Will++ Dex+6} (798
                  | gold, have 32).
   630 | D:2      | Reached skill level 4 in Ranged Weapons
   695 | D:2      | Found Nidghuisse's Magic Scroll Emporium.
   701 | D:2      | 701 ||| SHOPLISTING scroll of enchant armour (82 gold, have
                  | 45).
   701 | D:2      | 701 ||| BUYING scroll of identify (22 gold).
   701 | D:2      | Bought a scroll of identify for 22 gold pieces
   701 | D:2      | 701 ||| SHOPLISTING scroll of teleportation (33 gold, have
                  | 23).
  1194 | D:2      | 1194 ||| UPGRADING to +2 hat.
  1199 | D:2      | 1199 ||| READING scroll labelled SUFRAZ IMEAR.
  1200 | D:2      | 1200 ||| READING scroll labelled SENIK ZOENOAT.
  1201 | D:2      | 1201 ||| DRINKING 2 ruby potions.
  1202 | D:2      | 1202 ||| DRINKING 2 murky yellow potions.
  1203 | D:2      | 1203 ||| DROPPING potion of degeneration.
  1272 | D:3      | Noticed Robin
  1276 | D:3      | Reached XP level 4. HP: 36/36 MP: 4/4
  1286 | D:3      | Killed Robin
  1290 | D:3      | HP: 6/36 [poisoned by a goblin]
  1291 | D:3      | HP: 1/36 [poisoned by a goblin]
  1292 | D:3      | Succumbed to a goblin's poison

Levels and vault maps discovered:
D:1:      erik_arrival_orb_chamber, layout_rooms
D:2:      layout_basic, serial_shops, shop_statue, nicolae_shop_unique_rings
D:3:      layout_loops_cross, st_stairs_5, uniq_robin

Skill      XL: |  1  2  3 |
---------------+----------+-----
Ranged Weapons | 3 4 |  4.8
Fighting       | 2 |  2.0
Dodging        | |  2.1
Spellcasting   | |  1.0
Hexes          | |  2.0

Action                     |  1- 3 |  4- 6 || total
---------------------------+-------+-------++-------
   Fire: Sling             |   118 |    15 ||   133
    Use: Scroll            |     2 |       ||     2
         Potion            |     2 |       ||     2
 Armour: Robe              |     3 |       ||     3
         Leather armour    |     6 |     8 ||    14
  Dodge: Dodged            |    10 |    14 ||    24

Table legend:
 A = Non-vault XP
 B = Vault XP
 C = Vault XP percentage of total XP
 D = Non-vault monster count
 E = Vault monster count
 F = Vault count percentage of total count
                 A         B        C        D         E       F
            +---------+---------+-------+---------+---------+-------
      Total |      88 |      37 |  29.6 |      41 |      12 |  22.6
            +---------+---------+-------+---------+---------+-------
        D:1 |      38 |       0 |   0.0 |      20 |       0 |   0.0
        D:2 |      44 |       0 |   0.0 |      17 |       0 |   0.0
        D:3 |       6 |      37 |  86.0 |       4 |      12 |  75.0
            +---------+---------+-------+---------+---------+-------
